 Dungeon Crawl Stone Soup version 0.30.0 (webtiles) character file.

Game seed: 11027440387840232929

9 Dani the Trooper (level 2, 24/24 HPs)
             Began as a Demonspawn Fighter on May 20, 2023.
             Quit the game on level 1 of the Dungeon.
             The game lasted 00:00:14 (168 turns).

Dani the Trooper (Demonspawn Fighter)                Turns: 168, Time: 00:00:15

Health: 24/24      AC:  6    Str: 16    XL:     2   Next: 3%
Magic:  2/2        EV:  8    Int:  9    God:
Gold:   18         SH:  4    Dex: 12    Spells: 1/1 levels left

rFire   . . .        a - +0 war axe
rCold   . . .        c - +0 buckler
rNeg    . . .        b - +0 scale mail
rPois   .            (no helmet)
rElec   .            (no cloak)
rCorr   .            (no gloves)
SInv    .            (no boots)
Will    .....        (no amulet) Stlth
                     (no ring)
HPRegen 0.24/turn    (no ring)
MPRegen 0.08/turn

%: no passive effects
@: no status effects
A: weakness stinger 1
a: no special abilities


You were on level 1 of the Dungeon.
You visited 1 branch of the dungeon, and saw 1 of its levels.

You collected 18 gold pieces.

Inventory:

Hand Weapons
 a - a +0 war axe (weapon)
Armour
 b - a +0 scale mail (worn)
 c - a +0 buckler (worn)
Scrolls
 e - 2 scrolls of amnesia {unknown}
 f - a scroll of identify {unknown}
 g - a scroll of vulnerability {unknown}
Potions
 d - a potion of might


   Skills:
 - Level 3.0 Fighting
 + Level 2.5 Axes
 - Level 2.6 Armour
 - Level 2.6 Shields


You had one spell level left.
You didn't know any spells.
Your spell library was empty.

Dungeon Overview and Level Annotations

Branches:
Dungeon (1/15)

Altars:

Annotations:
D:1 2 transporters


Innate Abilities, Weirdness & Mutations

You have a small tail.


Message History

There are monsters nearby!
You hit the giant cockroach.
The giant cockroach is severely wounded.
The giant cockroach bites you.
The giant cockroach bites you but does no damage.
There are monsters nearby!
You slash the giant cockroach!
You kill the giant cockroach!
Your Axes skill increases to level 2!
A jackal is nearby!
You closely miss the jackal. The jackal bites you.
You block the jackal's attack.
A jackal is nearby!
You hit the jackal.
The jackal is lightly wounded.
The jackal bites you but does no damage. x2
A jackal is nearby!
You hit the jackal but do no damage.
The jackal is lightly wounded.
The jackal bites you. x2
A jackal is nearby!
You hit the jackal.
The jackal is moderately wounded.
The jackal closely misses you. The jackal bites you.
A jackal is nearby!
You hit the jackal.
The jackal is severely wounded.
You block the jackal's attack. The jackal barely misses you.
A jackal is nearby!
You slash the jackal!
You kill the jackal!
HP restored.
An endoplasm comes into view.
You see here a giant cockroach corpse.
An endoplasm is nearby!
The endoplasm freezes you.
You are frozen.
An endoplasm is nearby!
You hit the endoplasm.
The endoplasm is heavily wounded.
The endoplasm closely misses you. The endoplasm freezes you.
You are frozen.
An endoplasm is nearby!
You barely miss the endoplasm.
The endoplasm is heavily wounded.
The endoplasm freezes you.
You are frozen.
* * * LOW HITPOINT WARNING * * *
An endoplasm is nearby!
You slash the endoplasm!
You kill the endoplasm!
A jackal comes into view.
Found a scroll labelled RERHUPSIFAO.
The jackal bites you but does no damage.
A jackal is nearby!
You closely miss the jackal. You block the jackal's attack.
The jackal barely misses you.
A jackal is nearby!
You hit the jackal but do no damage. The jackal closely misses you.
The jackal barely misses you.
A jackal is nearby!
You slash the jackal!
You kill the jackal!
You now have 18 gold pieces.
An endoplasm comes into view.
An endoplasm is nearby!
You completely miss the endoplasm. You block the endoplasm's attack.
The endoplasm freezes you.
You are frozen.
An endoplasm is nearby!
You slash the endoplasm!
You kill the endoplasm!
e - 2 scrolls labelled RERHUPSIFAO (gained 1)
A bat comes into view.
Found a scroll labelled GATTAI KEISU and a scroll labelled BEL ZAOME.
The bat moves out of view.
No target in view!
The bat hits you but does no damage.
You barely miss the bat. The bat hits you. You block the bat's attack.
A bat is nearby!
You miss the bat. The bat hits you but does no damage.
A bat is nearby!
The bat closely misses you.
A bat is nearby!
The bat barely misses you.
A bat is nearby!
The bat closely misses you.
A bat is nearby!
You slash the bat!
You kill the bat!
You have reached level 2!
Your demonic ancestry asserts itself...
You grow a small tail.
f - a scroll labelled GATTAI KEISU
g - a scroll labelled BEL ZAOME Key pressed, stopping explore.
A bat comes into view.
A bat is nearby!
Are you sure you want to abandon this character and quit the game? (Confirm with "yes".)

#.....#
######.###.######
#.......##......#
...#.....##.##.#.####
..#.................
##.#.............###
.#.#.#...........#.#
.#.#.##...#........##.#.
...#.##.........@?..b...
.............#........#.
...#.#.......#...#..#...
.............#..##..# #.
.#..............# .#
..†.............# ..
.#####.........## ..
............... ###
...........


You could see a bat.

Vanquished Creatures
  A bat (D:1)
  2 endoplasms (D:1)
  A giant cockroach (D:1)
  2 jackals (D:1)
  A rat (D:1)
7 creatures vanquished.

Notes
Turn   | Place    | Note
-------+----------+-------------------------------------------
     0 | D:1      | Dani the Demonspawn Fighter began the quest for the Orb.
     0 | D:1      | Reached XP level 1. HP: 18/18 MP: 1/1
    43 | D:1      | Reached skill level 2 in Axes
   145 | D:1      | Gained mutation: You have a small tail. [demonic ancestry]
   145 | D:1      | Reached XP level 2. HP: 24/24 MP: 2/2
   168 | D:1      | Quit the game

Illustrated notes

Levels and vault maps discovered:
D:1:      spicycebolla_arrival_transporter_tutorial, layout_basic

Skill      XL: |  1 |
---------------+----+-----
Axes           | 2 |  2.5
Fighting       | |  3.0
Armour         | |  2.6
Shields        | |  2.6

Action                     || total
---------------------------++-------
  Melee: War axe           ||    24
 Armour: Scale mail        ||     9
  Dodge: Dodged            ||    11
  Block: Buckler           ||     7

Levels and vault maps discovered:
D:1:      spicycebolla_arrival_transporter_tutorial, layout_basic

Table legend: (Time is in decaauts)
 A = Elapsed time spent in this place.
 B = Non-inter-level travel time spent in this place.
 C = Inter-level travel time spent in this place.
 D = Time resting spent in this place.
 E = Time spent auto-exploring this place.
 F = Levels seen in this place.
 G = Mean time per level.
                   A        B        C        D        E       F      G
               +--------+--------+--------+--------+--------+-----+--------+
         Total |    178 |    178 |      0 |      0 |    122 |   1 |  178.0 |
       Dungeon |    178 |    178 |      0 |      0 |    122 |   1 |  178.0 |
               +--------+--------+--------+--------+--------+-----+--------+

Top non-repeatable levels by time:
     D:1: 178 daAuts

Table legend:
 A = Kills in this place as a percentage of kills in the entire game.
 B = Kills by you in this place as a percentage of kills by you in the entire game.
 C = Kills by friends in this place as a percentage of kills by friends in the entire game.
 D = Other kills in this place as a percentage of other kills in the entire game.
 E = Experience gained in this place as a percentage of experience gained in the entire game.
 F = Experience gained in this place divided by the number of levels of this place that you have seen.
                   A       B       C       D       E      F
               +-------+-------+-------+-------+-------+----------------------
         Total | 100.0 | 100.0 |   N/A |   N/A | 100.0 |  13.0
       Dungeon | 100.0 | 100.0 |   N/A |   N/A | 100.0 |  13.0
               +-------+-------+-------+-------+-------+----------------------
